 Dungeon Crawl Stone Soup version 0.30-a0-222-ge547ba4400 (webtiles) character file.

Game seed: 14920620874187518525

414 qw the Chopper (level 6, 0/38 HPs)
             Began as a Gargoyle Fighter on Oct 8, 2022.
             Killed by divine providence
             ... invoked by an orc priest
              (10 damage)
             ... on level 4 of the Dungeon.
             The game lasted 00:00:57 (2777 turns).

qw the Chopper (Gargoyle Fighter)                   Turns: 2777, Time: 00:00:58

Health: 0/38       AC: 13    Str: 22    XL:     6   Next: 91%
Magic:  6/6        EV:  9    Int:  8    God:
Gold:   198        SH:  4    Dex:  9    Spells: 5/5 levels left

rFire   . . .      SeeInvis .    g - +3 war axe
rCold   . . .      Faith    .    c - +0 buckler
rNeg    + . .      Spirit   .    b - +0 scale mail
rPois   inf        Reflect  .    (no helmet)
rElec   +          Harm     .    j - +0 cloak
rCorr   .          Rampage  .    (no gloves)
Will    .....                    e - +0 pair of boots
Stlth   ..........               (no amulet)
HPRegen 0.26/turn                (no ring)
MPRegen 0.10/turn                (no ring)

@: no status effects
A: sickness immunity, AC +4, negative energy resistance 1, electricity
resistance, torment resistance 1, petrification resistance
a: no special abilities


You were on level 4 of the Dungeon.
You visited 1 branch of the dungeon, and saw 4 of its levels.

You collected 198 gold pieces.


Innate Abilities, Weirdness & Mutations

You are immune to sickness and miasma.
Your stone body is resilient. (AC +4)
You are immune to poison.
You resist negative energy. (rN+)
You are resistant to electric shocks. (rElec)
You are resistant to unholy torment.
You are immune to petrification.


   Skills:
 - Level 4.0 Fighting
 + Level 6.0 Axes
 - Level 3.2 Armour
 - Level 1.0 Dodging
 - Level 3.2 Shields


You had 5 spell levels left.
You didn't know any spells.
Your spell library was empty.

Inventory:

Hand Weapons
 g - a +3 war axe (weapon)
 h - a +0 flail
Armour
 b - a +0 scale mail (worn)
 c - a +0 buckler (worn)
 e - a +0 pair of boots (worn)
 j - a +0 cloak (worn)
Scrolls
 l - a scroll of amnesia {unknown}
Potions
 a - 2 potions of heal wounds
 d - a potion of might
 i - a potion of brilliance {unknown}
 k - a potion of cancellation {unknown}
 m - a potion of mutation {unknown}

Dungeon Overview and Level Annotations

Branches:
Dungeon (4/15)
 Temple: D:4-7

Altars:
Gozag
Sif Muna

Shops:
D:1 :


Message History

The orc priest hits you but does no damage.
You block the orc's attack.
You hit the orc.
The orc is almost dead.
You closely miss the orc priest. You hit the orc. You slash the orc!
You kill the orc!
The orc barely misses you. You block the orc priest's attack.
The orc priest looks braver for a moment.
The orc wizard gestures at you while chanting.
You resist with some effort.
You closely miss the orc.
The orc is almost dead.
You slash the orc!
You kill the orc!
You slash the orc!
You kill the orc!
You hit the orc priest.
The orc priest calls upon Beogh to heal the orc.
The orc is healed somewhat.
You block the orc priest's attack.
The orc wizard gestures at you while chanting.
The puff of flame hits you.
You completely miss the orc priest.
The orc priest is severely wounded.
You hit the orc but do no damage. You block the orc's attack.
The orc priest barely misses you. The orc priest misses you.
The orc wizard gestures at you while chanting.
The magic dart hits you.
You closely miss the orc priest.
The orc priest is severely wounded.
You barely miss the orc. The orc closely misses you.
You block the orc priest's attack.
The orc priest hits you but does no damage.
The orc priest looks satisfied for a moment.
The orc priest hits you but does no damage.
The orc barely misses you.
The orc priest looks braver for a moment.
The orc priest mumbles some strange prayers to Beogh against you.
Beogh smites you!
You die...

##.....##....## #.#.###
..........#..# #.._..#
###..........## ###.#.#
#........#...##.....#
................###.###
###..............#..#
#...#...........#.###...
#.#...............%......
#.#...........o@o.o......
...$...o..#######
#....o.......
#......######## #......
.# ....... # .#...!.
.......


You could see 3 orc priests, an orc wizard and an orc.

Vanquished Creatures
  Grinder (D:3)
  A hound (D:4)
  Natasha (twice) (D:3)
  An orc wizard (D:4)
  2 adders (D:2)
  2 worms
  4 dart slugs
  11 orcs
  5 ball pythons
  3 endoplasms (D:1)
  A giant cockroach (D:4)
  8 goblins
  6 hobgoblins
  4 kobolds
  3 quokkas
  6 bats
  6 frilled lizards
  3 rats
69 creatures vanquished.

Notes
Turn   | Place    | Note
-------+----------+-------------------------------------------
     0 | D:1      | qw the Gargoyle Fighter began the quest for the Orb.
     0 | D:1      | Reached XP level 1. HP: 14/14 MP: 1/1
     0 | D:1      | 0 ||| qw: Version: 0.2-a-17-g06abaee
     0 | D:1      | 0 ||| qw: Game counter: 2043
     0 | D:1      | 0 ||| qw: Always use a shield: true
     0 | D:1      | 0 ||| qw: God list: Okawaru
     0 | D:1      | 0 ||| qw: Allow faded altars: false
     0 | D:1      | 0 ||| qw: Do Orc after D:15 true
     0 | D:1      | 0 ||| qw: Do second Lair branch before Depths: true
     0 | D:1      | 0 ||| qw: Lair rune preference: random
     0 | D:1      | 0 ||| qw: Plans: Normal, Zot:1-4, God:TSO, Crypt, Tomb,
                  | Pan, Slime:5, Hells, Abyss, Orb
     0 | D:1      | 0 ||| PLANNING D:1-11
    32 | D:1      | Found Abbapn's Vocational Training.
    40 | D:1      | Reached skill level 2 in Axes
    71 | D:1      | 71 ||| Stepping ~*~*~tactically~*~*~ (stealth).
    76 | D:1      | Reached XP level 2. HP: 11/19 MP: 2/2
   109 | D:1      | 109 ||| Stepping ~*~*~tactically~*~*~ (stealth).
   241 | D:1      | Found a faded altar of an unknown god.
   349 | D:1      | 349 ||| Stepping ~*~*~tactically~*~*~ (stealth).
   353 | D:1      | 353 ||| Stepping ~*~*~tactically~*~*~ (stealth).
   508 | D:1      | Reached skill level 3 in Axes
   554 | D:1      | 554 ||| Stepping ~*~*~tactically~*~*~ (hiding).
   564 | D:1      | Reached XP level 3. HP: 23/23 MP: 3/3
   671 | D:1      | 671 ||| READING scroll labelled REBIMM AQODGHOT.
   674 | D:1      | 674 ||| READING scroll labelled YXIONULUSI.
   675 | D:1      | 675 ||| DRINKING 2 fizzy sapphire potions.
  1131 | D:2      | 1131 ||| Stepping ~*~*~tactically~*~*~ (hiding).
  1138 | D:2      | Reached XP level 4. HP: 28/28 MP: 4/4
  1523 | D:2      | Reached skill level 4 in Axes
  1685 | D:2      | 1685 ||| UPGRADING to +0 pair of boots.
  1690 | D:2      | 1690 ||| UPGRADING to +0 cloak.
  1695 | D:2      | 1695 ||| READING scroll labelled XIBY QAAGOATTE.
  1696 | D:2      | 1696 ||| READING scroll labelled SOLO WUICVOEB.
  1697 | D:2      | 1697 ||| DRINKING 2 pink potions.
  1698 | D:2      | 1698 ||| DRINKING 2 black potions.
  1699 | D:2      | 1699 ||| DROPPING potion of flight.
  1772 | D:3      | 1772 ||| SWAPPING to +3 war axe.
  1773 | D:3      | 1773 ||| DROPPING +0 war axe.
  1803 | D:3      | Noticed Grinder
  1812 | D:3      | 1812 ||| FLEEEEING.
  1813 | D:3      | 1813 ||| Stepping ~*~*~tactically~*~*~ (hiding).
  1817 | D:3      | 1817 ||| Stepping ~*~*~tactically~*~*~ (hiding).
  1819 | D:3      | 1819 ||| Stepping ~*~*~tactically~*~*~ (hiding).
  1825 | D:3      | 1825 ||| Stepping ~*~*~tactically~*~*~ (hiding).
  1826 | D:3      | 1826 ||| Stepping ~*~*~tactically~*~*~ (hiding).
  1832 | D:3      | Killed Grinder
  1833 | D:3      | Reached skill level 5 in Axes
  1833 | D:3      | Reached XP level 5. HP: 29/32 MP: 5/5
  1833 | D:3      | Reached XP level 6. HP: 34/37 MP: 6/6
  2249 | D:3      | Noticed Natasha
  2256 | D:3      | Killed Natasha
  2315 | D:3      | Found a shimmering blue altar of Sif Muna.
  2521 | D:3      | Noticed Natasha
  2522 | D:3      | 2522 ||| Stepping ~*~*~tactically~*~*~ (hiding).
  2527 | D:3      | Killed Natasha
  2732 | D:4      | 2732 ||| Stepping ~*~*~tactically~*~*~ (hiding).
  2737 | D:4      | 2737 ||| DRINKING potion of curing.
  2737 | D:4      | 2737 ||| (to cure confusion)
  2742 | D:4      | Reached skill level 1 in Dodging
  2747 | D:4      | 2747 ||| DROPPING +0 club.
  2750 | D:4      | Found an opulent altar of Gozag.
  2769 | D:4      | Reached skill level 6 in Axes
  2777 | D:4      | Killed from afar by an orc priest

Levels and vault maps discovered:
D:1:      minmay_arrival_wavy_path, layout_basic,
          shapermc_ecumenical_altar_acropolis, nicolae_shop_vocational
D:2:      layout_loops_ring, wad_orctagon
D:3:      layout_basic, lemuel_crystal_altar, uniq_grinder, uniq_natasha
D:4:      cheibrodos_pilgrimage, layout_rooms,
          nicolae_gozag_cash_rules_everything_around_me,
          serial_co_window_serial, co_window_corner_a, co_window_paths_b,
          co_window_paths_b, co_window_corner_a, co_window_paths_a,
          co_window_paths_b, co_window_paths_b, co_window_of_opportunity_b,
          co_window_corner_b, co_window_of_opportunity_c, co_window_4corner_b,
          glass_columns_a, glass_columns_c

Skill      XL: |  1  2  3  4  5  6 |
---------------+-------------------+-----
Axes           | 2 3 5 6 |  6.0
Fighting       | 4 |  4.0
Dodging        | 1 |  1.0
Armour         | |  3.2
Shields        | |  3.2

Action                   |  1- 3 |  4- 6 || total
-------------------------+-------+-------++-------
Melee: War axe           |   101 |    91 ||   192
  Use: Scroll            |     2 |     2 ||     4
       Potion            |     1 |     3 ||     4
Armor: Scale mail        |    50 |    45 ||    95
Dodge: Dodged            |    59 |    37 ||    96
Block: Buckler           |    18 |    21 ||    39

Table legend:
 A = Non-vault XP
 B = Vault XP
 C = Vault XP percentage of total XP
 D = Non-vault monster count
 E = Vault monster count
 F = Vault count percentage of total count
                 A         B        C        D         E       F
            +---------+---------+-------+---------+---------+-------
      Total |     263 |     329 |  55.6 |      63 |       6 |   8.7
            +---------+---------+-------+---------+---------+-------
        D:1 |      35 |       0 |   0.0 |      21 |       0 |   0.0
        D:2 |      67 |      12 |  15.2 |      22 |       4 |  15.4
        D:3 |      53 |     317 |  85.7 |       8 |       2 |  20.0
        D:4 |     108 |       0 |   0.0 |      12 |       0 |   0.0
            +---------+---------+-------+---------+---------+-------
